 Dungeon Crawl Stone Soup version 0.31-a0-925-g0a390f2509 (webtiles) character file.

Game seed: 11651761676864462178

1 GloriousHammer the Shield-Bearer (level 1, -6/19 HPs)
             Began as a Meteoran Fighter on Oct 19, 2023.
             Mangled by a goblin
             ... wielding a +2 dagger of distortion
              (12 damage)
             ... on level 2 of the Dungeon.
             The game lasted 00:00:48 (119 turns).

GloriousHammer the Shield-Bearer (Meteoran Fighter)  Turns: 119, Time: 00:00:49

Health: -6/19      AC:  6    Str: 17    XL:     1   Next: 28%
Magic:  2/2        EV:  9    Int:  9    God:
Gold:   20         SH:  4    Dex: 13    Spells: 0/0 levels left

rFire   . . .        e - +0 whip
rCold   . . .        c - +0 buckler
rNeg    . . .        b - +0 scale mail
rPois   .            (no helmet)
rElec   .            (no cloak)
rCorr   .            (no gloves)
SInv    .            (no boots)
Will    .....        (no amulet) Stlth
                     (no ring)
HPRegen 0.23/turn    (no ring)
MPRegen 0.08/turn

%: no passive effects
@: glowing
A: sense surroundings 1, otherworldly, glowing, explore regen
a: no special abilities


You were on level 2 of the Dungeon.
You visited 1 branch of the dungeon, and saw 2 of its levels.

You collected 20 gold pieces.

Inventory:

Hand Weapons
 a - a +0 flail
 e - a +0 whip (weapon)
Missiles
 f - 3 boomerangs
Armour
 b - a +0 scale mail (worn)
 c - a +0 buckler (worn)
Scrolls
 g - a scroll of butterflies {unknown}
Potions
 d - a potion of might


   Skills:
 - Level 3.2 Fighting
 + Level 2.9 Maces & Flails
 - Level 3.2 Armour
 - Level 3.2 Shields


You couldn't memorise any spells.
You didn't know any spells.
Your spell library contained the following spells:

 Spells                   Type           Power      Damage    Failure   Level
 Tukima's Dance           Hex            0%         N/A       99%         3
 Passage of Golubria      Tloc           0%         N/A       100%        4
 Yara's Violent Unravell  Hex/Tmut       0%         3d3       100%        5


Dungeon Overview and Level Annotations

Branches:
Dungeon (2/15) Zot: 1080

Altars:


Innate Abilities, Weirdness & Mutations

You passively map a small area around you.
You are easily found by Zot.
You glow in the dark.
You regain HP and MP as you explore.


Message History

Welcome, GloriousHammer the Meteoran Fighter.
Are you destined to find the glorious Orb of Zot, or to die trying?
Press ? for a list of commands and other information.
Found a whip.
Found a staircase leading out of the dungeon.
You see here a +0 whip.
e - a +0 whip (weapon)
You open the door.
There is an open door here.
Found a robe.
There is an open door here.
You open the door.
There is an open door here.
Found Great Wizards, Vol.
VII and a ring mail.
Found a stone staircase leading down.
Found 9 gold pieces.
Found 11 gold pieces and 3 boomerangs.
You pick up Great Wizards, Vol.
VII and begin reading...
You add the spells Tukima's Dance, Passage of Golubria and Yara's Violent Unravelling to your library.
You now have 11 gold pieces.
A frilled lizard comes into view.
The frilled lizard hisses angrily.
You see here 9 gold pieces.
You hit the frilled lizard.
You kill the frilled lizard!
You now have 20 gold pieces (gained 9).
Found a scroll labelled JINAODOOHUT.
You see here 3 boomerangs.
f - 3 boomerangs Unknown command.
Found a ring mail.
Found a ring mail.
g - a scroll labelled JINAODOOHUT
There are no items here.
There is a stone staircase leading down here.
You climb downwards.
There is a stone staircase leading up here.
A goblin comes into view.
It is wielding a +2 dagger of distortion.
Found 9 gold pieces.
You block the bat's attack.
A ball python comes into view.
The bat hits you but does no damage.
You hit the bat.
The bat is moderately wounded.
The bat hits you but does no damage. The bat hits you but does no damage. x2
The ball python bites you. The ball python barely misses you.
You closely miss the ball python. The bat hits you but does no damage.
The ball python closely misses you. The ball python grabs you.
The ball python constricts you.
You escape the ball python's grasp.
The bat hits you but does no damage.
Found a stone staircase leading down.
The ball python bites you but does no damage.
The ball python barely misses you. The bat attacks as it pursues you!
The bat hits you but does no damage. The bat closely misses you.
You closely miss the ball python. The ball python closely misses you. x2
You hit the ball python but do no damage.
The ball python barely misses you. The ball python closely misses you.
You whack the ball python!
You kill the ball python!
The bat barely misses you.
You barely miss the goblin. The bat barely misses you.
The goblin hits you with a +2 dagger of distortion.
You barely miss the goblin. The bat hits you but does no damage.
The goblin barely misses you.
You hit the goblin.
The goblin is moderately wounded.
You block the bat's attack.
The goblin hits you with a +2 dagger of distortion.
Space warps horribly around you! You block the bat's attack.
You hit the goblin.
The goblin is severely wounded.
The bat hits you but does no damage. The bat hits you.
The goblin hits you but does no damage. Space warps around you.
* * * LOW HITPOINT WARNING * * *
You miss the goblin.
The goblin is severely wounded.
The bat closely misses you. The bat hits you but does no damage.
You block the goblin's attack. The bat hits you but does no damage.
Unknown command.
You barely miss the goblin.
The goblin is severely wounded.
You block the bat's attack. The goblin hits you but does no damage.
Space warps horribly around you!
Ouch! That really hurt!
You die...

#############
#............ ,
#............
###............ ,
#.#............ , ,
#######.#............
.......@g............
.......b#............
, , *
...####>#..<.........,
. ,, #.#...........#
....#####..##.# , * *
##.#.# #.#, # , * *
#...# .$. * * ##..#
**#..# , , ... , ##


You could see a goblin and a bat.

Vanquished Creatures
  A ball python (D:2)
  A frilled lizard (D:1)
2 creatures vanquished.

Notes
Turn   | Place    | Note
-------+----------+-------------------------------------------
     0 | D:1      | GloriousHammer the Meteoran Fighter began the quest for the
                  | Orb.
     0 | D:1      | Reached XP level 1. HP: 19/19 MP: 2/2
   119 | D:2      | Mangled by a goblin

Illustrated notes

Levels and vault maps discovered:
D:1:      giann_horns, layout_basic, minivault_26, minmay_hexomino_c4
D:2:      layout_rooms, uniq_jessica

Action                     || total
---------------------------++-------
  Melee: Whip              ||    12
 Armour: Scale mail        ||    18
  Dodge: Dodged            ||    12
  Block: Buckler           ||     5

Table legend: (Time is in decaauts)
 A = Elapsed time spent in this place.
 B = Non-inter-level travel time spent in this place.
 C = Inter-level travel time spent in this place.
 D = Time resting spent in this place.
 E = Time spent auto-exploring this place.
 F = Levels seen in this place.
 G = Mean time per level.
                   A        B        C        D        E       F      G
               +--------+--------+--------+--------+--------+-----+--------+
         Total |    118 |    118 |      0 |      0 |      0 |   2 |   59.0 |
       Dungeon |    118 |    118 |      0 |      0 |      0 |   2 |   59.0 |
               +--------+--------+--------+--------+--------+-----+--------+

Top non-repeatable levels by time:
     D:1: 99 daAuts
     D:2: 18 daAuts
